 Dungeon Crawl Stone Soup version 0.27-a0-1116-g91b3acb402 (webtiles) character file.

Game seed: 6464534632118665618

81 voltaire321 the Skirmisher (level 4, -5/36 HPs)
             Began as a Demonspawn Fighter on May 2, 2021.
             Slain by Sigmund
             ... wielding a +0 scythe
              (6 damage)
             ... on level 2 of the Dungeon.
             The game lasted 00:03:18 (1578 turns).

voltaire321 the Skirmisher (Demonspawn Fighter)     Turns: 1578, Time: 00:03:19

Health: -5/36      AC:  9    Str: 17    XL:     4   Next: 20%
Magic:  4/4        EV:  7    Int: 10    God:
Gold:   153        SH:  9    Dex: 12    Spells: 3/3 levels left

rFire    . . .     SeeInvis .   a - +1 war axe
rCold    . . .     Faith    .   c - +0 kite shield
rNeg     . . .     Spirit   .   b - +0 scale mail
rPois    .         Reflect  .   g - +1 helmet
rElec    .         Harm     .   (no cloak)
rCorr    .         Rampage  .   (no gloves)
Will     .....                  (no boots)
Stlth    ..........             (no amulet)
HPRegen  0.12/turn              (no ring)
MPRegen  0.09/turn              (no ring)

@: no status effects
A: talons 1, spiny 1
a: no special abilities


You were on level 2 of the Dungeon.
You visited 1 branch of the dungeon, and saw 2 of its levels.

You collected 153 gold pieces.

Inventory:

Hand Weapons
 a - a +1 war axe (weapon)
Armour
 b - a +0 scale mail (worn)
 c - a +0 kite shield (worn)
 g - a +1 helmet (worn)
Scrolls
 j - a scroll of fog {unknown}
 k - a scroll of vulnerability {unknown}
Potions
 d - a potion of might
 f - a potion of mutation


   Skills:
 + Level 3.6 Fighting
 + Level 2.4 Axes
 + Level 3.2 Armour
 + Level 3.2 Shields


You had 3 spell levels left.
You didn't know any spells.
Your spell library was empty.

Dungeon Overview and Level Annotations

Branches:
Dungeon (2/15)

Altars:

Annotations:
D:2 Sigmund


Innate Abilities, Weirdness & Mutations

You have sharp toenails.
You are partially covered in sharp spines.


Message History

Sigmund picks up an orange potion.
Found a stone staircase leading down.
There is an open door here.
Found a stone staircase leading down.
A bat comes into view.
You block the bat's attack.
You barely miss the bat. The bat is struck by your spines.
You kill the bat!
You see here a bat corpse.
Sigmund points at you and mumbles some strange words.
The puff of flame hits you but does no damage.
Sigmund gestures at himself while chanting.
Sigmund flickers and vanishes!
Deactivating autopickup; reactivate with Ctrl-A.
Items here: )) [ รทรท.
There is a stone staircase leading up here.
As you read the scroll labelled QOCACU TUZU, it crumbles to dust.
It is a scroll of enchant weapon.
Your +0 war axe glows red for a moment.
As you read the scroll labelled YWNUJA ZAISH, it crumbles to dust.
It is a scroll of amnesia.
You feel forgetful for a moment.
As you read the scroll labelled QUMICVAUNE, it crumbles to dust.
It is a scroll of identify.
f - a potion of mutation You hear some strange, mumbled words.
A puff of flame appears from out of thin air!
The puff of flame hits you.
You miss something. Something hits you but does no damage.
You hear some strange, mumbled words.
A magic dart appears from out of thin air!
The magic dart hits you. You block something's attack.
You closely miss something. Your kick misses something. Something hits you. x2
You miss something.
Something hits you. x2; You block something's attack.
You miss something. You block something's attack. Something hits you.
You slash something! Your kick misses something. You block something's attack.
Something hits you!
* * * LOW HITPOINT WARNING * * *
Something hits you.
You die...

###.## #<..# ####..... #.# #...#
#..... #.# #...# ###.## ##'##
#.### #.# ##...## #.# #.#
#.....## ###.# ##########.#
.......## ##.#.# #.......##.##
........####....#####.####..[...#
........+...)...@{..)...{........
........####....#####.###........
.......## ##...# #)# #.#......
#..<..## #<### #.# #.#.#...#
##...## #.# #.# #.#.##.## ##+##
#.# #.. ....#### #.# #.# ###
#.### #.# #######.# #.#
##.###.......#


There were no monsters in sight!

Vanquished Creatures
  4 gnolls (D:2)
  3 dart slugs (D:1)
  3 endoplasms (D:1)
  A giant cockroach (D:1)
  A goblin (D:1)
  2 hobgoblins (D:1)
  6 jackals (D:1)
  A kobold (D:1)
  4 ball pythons
  5 bats
  2 frilled lizards (D:1)
  3 rats (D:1)
35 creatures vanquished.

Vanquished Creatures (others)
  5 toadstools (D:1)
5 creatures vanquished.

Grand Total: 40 creatures vanquished

Notes
Turn   | Place    | Note
-------+----------+-------------------------------------------
     0 | D:1      | voltaire321 the Demonspawn Fighter began the quest for the
                  | Orb.
     0 | D:1      | Reached XP level 1. HP: 18/18 MP: 1/1
    85 | D:1      | Gained mutation: You have sharp toenails. [demonic
                  | ancestry]
    85 | D:1      | Reached XP level 2. HP: 24/24 MP: 2/2
   419 | D:1      | Found a faded altar of an unknown god.
   455 | D:1      | Reached XP level 3. HP: 29/29 MP: 3/3
  1310 | D:2      | Gained mutation: You are partially covered in sharp spines.
                  | [demonic ancestry]
  1310 | D:2      | Reached XP level 4. HP: 18/35 MP: 4/4
  1517 | D:2      | Noticed Sigmund
  1578 | D:2      | HP: 1/36 [something (10)]
  1578 | D:2      | Slain by Sigmund

Illustrated notes

Levels and vault maps discovered:
D:1:      lemuel_arrival_rhombus, layout_basic, ebering_ecumenical_altar_rust,
          minmay_crystal_water, minmay_statues_item, minmay_gold_behind_fungi,
          minmay_tetromino_s2
D:2:      layout_loops_corners, minmay_goblin_kobold_house, uniq_sigmund

Skill      XL: |  1  2 |
---------------+-------+-----
Axes           | 2 |  2.4
Shields        | 3 |  3.2
Armour         | 3 |  3.2
Fighting       | |  3.6

Action                   |  1- 3 |  4- 6 || total
-------------------------+-------+-------++-------
Melee: War axe           |    94 |     7 ||   101
       Kick              |    14 |     1 ||    15
  Use: Scroll            |       |     3 ||     3
Armor: Scale mail        |    77 |     2 ||    79
Dodge: Dodged            |    38 |       ||    38
Block: Kite shield       |    62 |     5 ||    67

Table legend: (Time is in decaauts)
 A = Elapsed time spent in this place.
 B = Non-inter-level travel time spent in this place.
 C = Inter-level travel time spent in this place.
 D = Time resting spent in this place.
 E = Time spent auto-exploring this place.
 F = Levels seen in this place.
 G = Mean time per level.
                   A        B        C        D        E       F      G
               +--------+--------+--------+--------+--------+-----+--------+
         Total |   1644 |   1644 |      0 |    142 |   1153 |   2 |  822.0 |
       Dungeon |   1644 |   1644 |      0 |    142 |   1153 |   2 |  822.0 |
               +--------+--------+--------+--------+--------+-----+--------+

Top non-repeatable levels by time:
     D:1: 1159 daAuts
     D:2: 485 daAuts
